 Dungeon Crawl Stone Soup version 0.19-b1-3-g7dea586 (webtiles) character file.

702 Mesmaeker13 the Conjurer (level 7, 0/46 HPs)
             Began as a High Elf Conjurer on Oct 28, 2016.
             Killed from afar by Mesmaeker13's ghost (15 damage)
             ... with a spray of energy
             ... on level 4 of the Dungeon.
             The game lasted 00:14:17 (4938 turns).

Mesmaeker13 the Conjurer (High Elf Conjurer)        Turns: 4938, Time: 00:14:18

Health: 0/46       AC:  3    Str:  7    XL:     7   Next: 38%
Magic:  22/26      EV: 13    Int: 20    God:
Gold:   224        SH:  0    Dex: 17    Spells: 4 memorised, 8 levels left

rFire  . . .     SeeInvis .     q - +2 short sword (elec)
rCold  . . .     Gourm    +     a - +0 robe
rNeg   . . .     Faith    .     (no shield)
rPois  .         Spirit   .     r - +0 helmet
rElec  .         Reflect  .     (no cloak)
rCorr  +         Harm     .     (no gloves)
MR     .....                    (no boots)
Stlth  +.........               g - amulet of the gourmand
                                o - ring of resist corrosion
                                p - ring of magical power

@: confused
A: no striking features
a: no special abilities


You were on level 4 of the Dungeon.
You were full.

You visited 1 branch of the dungeon, and saw 6 of its levels.

You collected 224 gold pieces.

Inventory:

Hand Weapons
 q - a +2 short sword of electrocution (weapon)
Missiles
 n - 5 needles of sleeping
Armour
 a - a +0 robe (worn)
 r - a +0 helmet (worn)
Jewellery
 g - an amulet of the gourmand (around neck)
 l - an uncursed ring of protection from fire
 o - a ring of resist corrosion (right hand)
 p - a ring of magical power (left hand)
Scrolls
 d - a scroll of blinking
 e - 2 scrolls of enchant weapon {unknown}
 f - a scroll of immolation {unknown}
 h - a scroll of fear
 t - 2 scrolls of remove curse
 u - a scroll of enchant armour {unknown}
 w - a scroll of identify
Potions
 i - 2 potions of curing
 k - a potion of heal wounds
 m - a potion of cure mutation
Books
 b - a book of Conjurations

   Spells                             Type                      Level
   a - Magic Dart                     Conjuration                  1
   b - Searing Ray                    Conjuration                  2
   c - Dazzling Spray                 Conjuration/Hexes            3
   d - Fulminant Prism                Conjuration/Hexes            4
   e - Iskenderun's Mystic Blast      Conjuration                  4
   f - Iskenderun's Battlesphere      Conjuration/Charms           5
 s - a book of Callings

   Spells                             Type                      Level
   a - Summon Small Mammal            Summoning                    1
   b - Call Imp                       Summoning                    2
   c - Call Canine Familiar           Summoning                    3
   d - Summon Guardian Golem          Hexes/Summoning              3
   e - Summon Lightning Spire         Summoning/Air                4
   f - Summon Ice Beast               Ice/Summoning                4
Comestibles
 c - 2 bread rations
 j - 5 meat rations


   Skills:
 + Level 3.5 Fighting
 + Level 2.2 Dodging
 - Level 2.1 Stealth
 - Level 6.0 Spellcasting
 + Level 7.1 Conjurations


You had 8 spell levels left.
You knew the following spells:

 Your Spells              Type           Power        Failure   Level  Hunger
a - Magic Dart            Conj           ####         1%          1    None
b - Searing Ray           Conj           ####..       1%          2    None
c - Dazzling Spray        Conj/Hex       ###...       10%         3    ##.....
d - Iskenderun's Mystic   Conj           ####....     8%          4    ####...


Dungeon Overview and Level Annotations

Branches:
Dungeon (6/15)
 Temple: D:4-7

Altars:
Fedhas
Ru
Uskayaw
The Shining One

Annotations:
D:3 Grinder
D:4 Mesmaeker13's ghost, amateur HECj


Message History

The searing ray hits Mesmaeker13's ghost.
Mesmaeker13's ghost is severely damaged.
Mesmaeker13's ghost casts a spell at you.
The spray of energy hits you!
You are confused.
Mesmaeker13's ghost says, "I was like you once."
Mesmaeker13's ghost hits you.
Mesmaeker13's ghost hits you but does no damage.
You're too confused to cast spells.
You're too confused to move!
Mesmaeker13's ghost casts a spell at you.
The spray of energy hits you!
You are more confused.
Unknown command.
Mesmaeker13's ghost gestures at you while chanting.
The spray of energy misses you.
Mesmaeker13's ghost says, "Very impressive.
But it won't help.
Nothing will."
Mesmaeker13's ghost points at you and mumbles some strange words.
The spray of energy hits you!
You die...

.##.######.#.##...## #.# ##...
.#......#.###......####.# #....
.#..###..## ##........#.# #....
÷#........###......##.#.#####....
...........#.##...###.#........#.
##.#####.##....#.#......######.#.
#.# #>###.##.#.###.#.# #... #.#
#.# #.###.####.#.# #### #.# #.#
#.# #@###.#..# # ##.## #.# #.#
#.#..###.# # #...####.# #.#
#.W...#>.# . .........# #.#
###.##†..# # ......#### #.#
#.###..# # ......# #.# #.# #..# #
......# #.#####.###†.# # .....##
#.........(..# # #...##
#######.###.## #


You could see Mesmaeker13's ghost.

Vanquished Creatures
  A hippogriff (D:5)
  An ogre (D:5)
  A scorpion (D:4)
  A crimson imp (D:5)
  A hound (D:5)
  An orc wizard (D:4)
  An iguana (D:4)
  2 worker ants
  A hound skeleton (D:5)
  Robin (D:3)
  4 gnolls (D:3)
  7 adders
  4 oozes
  An adder skeleton (D:5)
  3 worms
  A dart slug (D:1)
  5 leopard geckos
  5 orcs
  A ball python (D:2)
  6 bats
  3 giant cockroaches
  5 goblins
  9 hobgoblins
  6 jackals
  2 kobolds
  3 quokkas
  7 frilled lizards
  A jackal skeleton (D:4)
  5 rats
89 creatures vanquished.

Notes
Turn   | Place    | Note
-------+----------+-------------------------------------------
     0 | D:1      | Mesmaeker13 the High Elf Conjurer began the quest for the Orb.
     0 | D:1      | Reached XP level 1. HP: 11/11 MP: 4/4
    59 | D:1      | Reached XP level 2. HP: 8/17 MP: 1/6
   586 | D:1      | Reached XP level 3. HP: 15/21 MP: 8/8
   588 | D:1      | Reached skill level 5 in Conjurations
   934 | D:2      | Found a faded altar of an unknown god.
  1057 | D:2      | Learned a level 2 spell: Searing Ray
  1599 | D:2      | You fall through a shaft for 2 floors!
  1612 | D:4      | Learned a level 3 spell: Dazzling Spray
  1649 | D:4      | Reached XP level 4. HP: 27/27 MP: 7/10
  1987 | D:4      | You fall through a shaft for 2 floors!
  2245 | D:6      | Noticed an orc warrior
  2276 | D:6      | HP: 1/27 [orc priest/divine providence (12)]
  2300 | D:6      | HP: 1/27 [leopard gecko (3)]
  2302 | D:5      | Entered Level 5 of the Dungeon
  2499 | D:5      | Found a glowing golden altar of the Shining One.
  2515 | D:4      | Noticed Mesmaeker13's ghost (amateur HECj)
  2620 | D:3      | Reached XP level 5. HP: 29/31 MP: 8/12
  2898 | D:3      | Noticed Robin
  2911 | D:3      | Killed Robin
  3019 | D:3      | Noticed Grinder
  3035 | D:3      | Reached skill level 6 in Conjurations
  3052 | D:3      | Reached skill level 1 in Fighting
  3376 | D:4      | Reached skill level 5 in Spellcasting
  3376 | D:4      | Reached XP level 6. HP: 28/39 MP: 14/14
  4046 | D:5      | Found a blossoming altar of Fedhas.
  4271 | D:5      | Noticed a hippogriff
  4282 | D:5      | Killed a hippogriff
  4282 | D:5      | Reached skill level 7 in Conjurations
  4282 | D:5      | Reached XP level 7. HP: 46/46 MP: 16/16
  4559 | D:5      | Learned a level 4 spell: Iskenderun's Mystic Blast
  4570 | D:5      | Found a sacrificial altar of Ru.
  4867 | D:4      | Found a hide-covered altar of Uskayaw.
  4938 | D:4      | Killed from afar by Mesmaeker13's ghost

Skill      XL: |  1  2  3  4  5  6  7 |
---------------+----------------------+-----
Spellcasting   | 3 4 5 6 |  6.0
Conjurations   | 5 6 7 |  7.1
Fighting       | 1 3 |  3.5
Dodging        | |  2.2
Stealth        | |  2.1

Action                   |  1- 3 |  4- 6 |  7- 9 || total
-------------------------+-------+-------+-------++-------
Melee: Unarmed           |     6 |       |       ||     6
       Spear             |    92 |    52 |       ||   144
       Short sword       |       |     9 |    11 ||    20
Throw: Throwing net      |       |     1 |     1 ||     2
 Cast: Magic Dart        |    35 |    38 |     7 ||    80
       Searing Ray       |       |    18 |     6 ||    24
       Dazzling Spray    |       |     3 |       ||     3
  Use: Scroll            |     3 |     7 |       ||    10
       Potion            |       |     2 |     3 ||     5
 Stab: Sleeping          |     7 |     6 |       ||    13
  Eat: Chunk             |     2 |    12 |       ||    14
       Bread ration      |       |     1 |       ||     1
Armor: Robe              |    17 |    10 |     6 ||    33
Dodge: Dodged            |    54 |    64 |    21 ||   139
